Login

Oilers vs Isle of Yeasty Beavers (R3)

Created - November 23, 2025 at 12:20

Goals
1 2 3 T
Oilers 0 0 3 3
Isle of Yeasty Beavers 1 0 1 2
Shots
1 2 3 T
Oilers 7 4 15 26
Isle of Yeasty Beavers 8 9 8 25

GoalsPenalties
1st period
1. Isle of Yeasty Beavers , Nikita Zadorov 2 (Kyle Connor 3, MacKenzie Weegar 5) at 2:12
Nikita Zadorov (YBV) for Roughing (Minor) at 14:27
2nd period
No Goal
Quinn Hughes (YBV) for Tripping (Minor) at 1:41
Tomas Hertl (SCH) for Holding (Minor) at 4:01
Cale Makar (SCH) for Hooking (Minor) at 6:23
Simon Benoit (SCH) for Tripping (Minor) at 9:23
Cale Makar (SCH) for Roughing (Double Minor) at 11:45
3rd period
2. Oilers , Ryan Nugent-Hopkins 3 (Cale Makar 6, Connor Bedard 4) at 4:50
3. Oilers , Artturi Lehkonen 4 (Ryan Nugent-Hopkins 3) at 8:38
4. Isle of Yeasty Beavers , Kyle Connor 3 (Connor McDavid 6) at 13:32 (PP)
5. Oilers , Manson Gluehead 5 (Robert Thomas 7, Tomas Hertl 2) at 15:13
Nikita Zadorov (YBV) for Hooking (Minor) at 2:26
Cale Makar (SCH) for Tripping (Minor) at 12:33
Goalie Stats
John Gibson (SCH), 23 saves from 25 shots - (0.920), W, 7-0-0, 60:00 minutes
Lukas Dostal (YBV), 23 saves from 26 shots - (0.885), L, 0-2-0, 58:30 minutes
3 StarsOfficial
1 - Ryan Nugent-Hopkins (SCH)
2 - Manson Gluehead (SCH)
3 - Kyle Connor (YBV)
Referees : Unknown
Linesman : Unknown
Game Note
No Game Note
Finance
Level 1 -- Attendance: 4715 (78.58%) -- Ticket Income $471,500
Level 2 -- Attendance: 3553 (71.06%) -- Ticket Income $213,180
Level 3 -- Attendance: 1508 (75.40%) -- Ticket Income $52,780
Level 4 -- Attendance: 2803 (70.08%) -- Ticket Income $70,075
Luxury Box -- Attendance: 911 (91.10%) -- Ticket Income $182,200
Game was played at the Canesten Dome.
Total Attendance: 13490 (74.94%)
Total Ticket Income: $989,735
Other Income: $395,894
Total Income: $1,385,629



Team Name Goals Shots Shots Attemp Shots Blocked PIM HIT PP PK FO%
Oilers 32648712270 / 3 (0%)146%
Isle of Yeasty Beavers 2255046161 / 6 (17%)054%

Oilers
Player Name POS G A P +/- PIM HIT SHT SB MP PP MP PP SHT PK MP PK SHT FO% FOT
Artturi LehkonenRW1012003014:592:5000:0000% 1
Cale MakarD0110812020:402:2310:0000% 0
Colton ParaykoD000-1040121:272:2305:4300% 0
Connor BedardC/LW0112041013:080:0000:3800% 0
Darnell NurseD0001030120:593:3405:1200% 0
David SavardD0001002417:000:0005:1200% 0
Kent JohnsonC/LW000-1021017:112:5000:0000% 5
Kris LetangD0001012016:003:3410:0000% 0
Leon DraisaitlC/LW000-1015017:283:0710:00071% 17
Manson GlueheadLW/RW1011031120:583:0706:30050% 2
Mikko RantanenC/RW000-1032017:093:0700:0000% 1
Noah JuulsenD0001030018:050:0005:4300% 0
Ridly GreigC/LW0000002010:260:0004:3110% 0
Robert ThomasC/RW0111010024:132:5005:46043% 28
Ryan Nugent-HopkinsC/LW1122015016:550:0004:25043% 14
Simon BenoitD000120005:450:0000:0000% 0
Tomas HertlC/LW0111200012:080:0000:000100% 1
Trent FredericC/RW000000004:290:0000:0000% 0
Isle of Yeasty Beavers
Player Name POS G A P +/- PIM HIT SHT SB MP PP MP PP SHT PK MP PK SHT FO% FOT
Alex DebrincatRW000-2004017:145:2830:00033% 3
Alex VlasicD000-2011021:276:0013:1600% 0
Aliaksei ProtasRW000-1001014:370:0000:0000% 2
Anthony CirelliC/LW000-1012015:440:0001:07050% 2
Brad MarchandLW000-2002117:145:2800:000100% 1
Connor McDavidC0111011024:345:2712:22057% 21
David PastrnakRW0001000024:245:2302:16033% 3
Jordan SpenceD000-1021115:200:0000:0000% 0
Kyle ConnorLW1121002019:285:2712:0200% 1
Leo CarlssonC000000000:040:0400:0000% 0
Logan CooleyC000000105:210:0000:35029% 7
MacKenzie WeegarD0111002023:324:5523:0000% 0
Matt DucheneC/RW000-1011015:350:0000:58073% 11
Nic DowdC000000000:000:0000:0000% 0
Nikita ZadorovD1011453021:394:5510:5300% 0
Quinn HughesD000-1222216:350:0001:1600% 0
Rasmus DahlinD000-2020021:246:0003:2900% 0
Tage ThompsonC/RW000-2012019:485:2812:34061% 18

Oilers

5 vs 5 Forward
Line #Left WingCenterRight WingPHYDFOFWanted %Time %Time Play
1Kent JohnsonLeon DraisaitlMikko Rantanen1223433%14:21
2Tomas HertlRobert ThomasManson Gluehead1223227%11:39
3Connor BedardRyan Nugent-HopkinsArtturi Lehkonen1222929%12:30
4Ridly GreigRobert ThomasTrent Frederic122510%4:29
5 vs 5 Defense
Line #DefenseDefensePHYDFOFWanted %Time %Time Play
1Cale MakarColton Parayko1223431%13:21
2Darnell NurseNoah Juulsen1223228%12:13
3Kris LetangDavid Savard1222927%11:48
4Cale MakarSimon Benoit122513%5:37
Power Play Forward
Line #Left WingCenterRight WingPHYDFOFWanted %Time %Time Play
1Manson GlueheadLeon DraisaitlMikko Rantanen1225552%3:07
2Kent JohnsonRobert ThomasArtturi Lehkonen1224548%2:50
Power Play Defense
Line #DefenseDefensePHYDFOFWanted %Time %Time Play
1Cale MakarColton Parayko1225540%2:23
2Darnell NurseKris Letang1224560%3:34
Penalty Kill 4 Players Forward
Line #CenterWingPHYDFOFWanted %Time %Time Play
1Robert ThomasManson Gluehead1315560%6:30
2Ryan Nugent-HopkinsRidly Greig1314540%4:25
Penalty Kill 4 Players Defense
Line #DefenseDefensePHYDFOFWanted %Time %Time Play
1Noah JuulsenColton Parayko1315552%5:43
2Darnell NurseDavid Savard1314548%5:12
Penalty Kill 3 Players
Line #WingPHYDFOFWanted %Time %Time PlayDefenseDefensePHYDFOFWanted %Time %Time Play
1Manson Gluehead122550%0:00 Noah JuulsenColton Parayko122550%0:00
2Tomas Hertl122450%0:00 Darnell NurseDavid Savard122450%0:00
4 vs 4 Forward
Line #CenterWingPHYDFOFWanted %Time %Time Play
1Leon DraisaitlMikko Rantanen122550%0:00
2Manson GlueheadRobert Thomas122450%0:00
4 vs 4 Defense
Line #DefensePHYDFOFWanted %Time %Time Play
1Cale MakarColton Parayko122550%0:00
2Darnell NurseNoah Juulsen122450%0:00
Last Minutes Offensive
Left WingCenterRight WingDefenseDefense
Manson GlueheadLeon DraisaitlMikko RantanenCale MakarColton Parayko
Last Minutes Defensive
Left WingCenterRight WingDefenseDefense
Manson GlueheadLeon DraisaitlRidly GreigNoah JuulsenColton Parayko
Time
Total ForwardTotal DefenseLast Minutes OffensiveLast Minutes Defensive
60:00 60:00 0:000:09
Extra Forwards
Normal PowerPlayPenalty Kill
Tomas Hertl, Ryan Nugent-Hopkins, Ridly GreigRobert Thomas, Kent JohnsonRidly Greig
Extra Defensemen
Normal PowerPlayPenalty Kill
Simon Benoit, Kris Letang, David SavardSimon Benoit, Darnell NurseKris Letang
Penalty Shots
Kent Johnson, Connor Bedard, Artturi Lehkonen, Ryan Nugent-Hopkins, Leon Draisaitl
Goalie
John Gibson, Ukko-Pekka Luukkonen
Custom OT Lines Forwards
Leon Draisaitl, Mikko Rantanen, Manson Gluehead, Robert Thomas, Kent Johnson, Tomas Hertl, Ryan Nugent-Hopkins, Connor Bedard, Artturi Lehkonen, Ridly Greig
Custom OT Lines Defensemen
Cale Makar, Colton Parayko, Noah Juulsen, Darnell Nurse, Kris Letang
Scratches
Alexander Holtz (Healthy), Lukas Reichel (Healthy), Spencer Knight (Healthy)

Isle of Yeasty Beavers

5 vs 5 Forward
Line #Left WingCenterRight WingPHYDFOFWanted %Time %Time Play
1Kyle ConnorConnor McDavidDavid Pastrnak1223027%11:42
2Brad MarchandTage ThompsonAlex Debrincat1222827%11:46
3Anthony CirelliMatt DucheneAliaksei Protas1222634%14:37
4Connor McDavidLogan CooleyDavid Pastrnak1221611%4:46
5 vs 5 Defense
Line #DefenseDefensePHYDFOFWanted %Time %Time Play
1Nikita ZadorovMacKenzie Weegar1223025%10:55
2Alex VlasicRasmus Dahlin1222828%11:55
3Jordan SpenceQuinn Hughes1222636%15:20
4Nikita ZadorovMacKenzie Weegar1221611%4:41
Power Play Forward
Line #Left WingCenterRight WingPHYDFOFWanted %Time %Time Play
1Kyle ConnorConnor McDavidDavid Pastrnak1225550%5:27
2Brad MarchandTage ThompsonAlex Debrincat1224550%5:28
Power Play Defense
Line #DefenseDefensePHYDFOFWanted %Time %Time Play
1Nikita ZadorovMacKenzie Weegar1225545%4:55
2Alex VlasicRasmus Dahlin1224555%6:00
Penalty Kill 4 Players Forward
Line #CenterWingPHYDFOFWanted %Time %Time Play
1Connor McDavidDavid Pastrnak1225557%3:23
2Kyle ConnorTage Thompson1224543%2:34
Penalty Kill 4 Players Defense
Line #DefenseDefensePHYDFOFWanted %Time %Time Play
1Nikita ZadorovMacKenzie Weegar1225555%3:16
2Alex VlasicRasmus Dahlin1224545%2:41
Penalty Kill 3 Players
Line #WingPHYDFOFWanted %Time %Time PlayDefenseDefensePHYDFOFWanted %Time %Time Play
1Connor McDavid122550%0:00 Nikita ZadorovMacKenzie Weegar122550%0:00
2David Pastrnak122450%0:00 Alex VlasicRasmus Dahlin122450%0:00
4 vs 4 Forward
Line #CenterWingPHYDFOFWanted %Time %Time Play
1Connor McDavidDavid Pastrnak122550%0:00
2Kyle ConnorTage Thompson122450%0:00
4 vs 4 Defense
Line #DefensePHYDFOFWanted %Time %Time Play
1Nikita ZadorovMacKenzie Weegar122550%0:00
2Alex VlasicRasmus Dahlin122450%0:00
Last Minutes Offensive
Left WingCenterRight WingDefenseDefense
Kyle ConnorConnor McDavidDavid PastrnakNikita ZadorovMacKenzie Weegar
Last Minutes Defensive
Left WingCenterRight WingDefenseDefense
Kyle ConnorConnor McDavidDavid PastrnakNikita ZadorovMacKenzie Weegar
Time
Total ForwardTotal DefenseLast Minutes OffensiveLast Minutes Defensive
60:00 60:00 0:170:00
Extra Forwards
Normal PowerPlayPenalty Kill
Leo Carlsson, Nic Dowd, Matt DucheneLeo Carlsson, Nic DowdMatt Duchene
Extra Defensemen
Normal PowerPlayPenalty Kill
Jordan Spence, Quinn Hughes, Alex VlasicJordan Spence, Quinn HughesAlex Vlasic
Penalty Shots
Connor McDavid, David Pastrnak, Kyle Connor, Tage Thompson, Alex Debrincat
Goalie
Lukas Dostal, Logan Thompson
Custom OT Lines Forwards
Connor McDavid, David Pastrnak, Kyle Connor, Tage Thompson, Alex Debrincat, Matt Duchene, Logan Cooley, Brad Marchand, Anthony Cirelli, Aliaksei Protas
Custom OT Lines Defensemen
Nikita Zadorov, MacKenzie Weegar, Alex Vlasic, Rasmus Dahlin, Jordan Spence
Scratches
Hughest Dyldo (Healthy), Jeremy Swayman (Healthy)


Play-by-Play

1st period


0:01 of 1st period - Leon Draisaitl wins face-off versus Connor McDavid in neutral zone.
0:12 of 1st period - Shot by Mikko Rantanen.
0:12 of 1st period - Stopped by Lukas Dostal without a rebound.
0:13 of 1st period - Robert Thomas wins face-off versus Tage Thompson in Isle of Yeasty Beavers zone.
0:26 of 1st period - Shot by Brad Marchand.
0:26 of 1st period - Shot Misses the Net.
1:00 of 1st period - Tage Thompson is hit by Manson Gluehead and loses puck.
1:31 of 1st period - Shot by Quinn Hughes.
1:31 of 1st period - Stopped by John Gibson with a rebound.
1:33 of 1st period - Shot by Anthony Cirelli.
1:33 of 1st period - Stopped by John Gibson without a rebound.
1:34 of 1st period - Leon Draisaitl wins face-off versus Connor McDavid in Oilers zone.
1:51 of 1st period - Shot by Nikita Zadorov.
1:51 of 1st period - Shot Misses the Net.
1:53 of 1st period - Shot by MacKenzie Weegar.
1:53 of 1st period - Shot Hit the Post.
1:55 of 1st period - Shot by Kyle Connor.
1:55 of 1st period - Shot Misses the Net.
2:10 of 1st period - Shot by Kyle Connor.
2:10 of 1st period - Shot Misses the Net.
2:12 of 1st period - Shot by Nikita Zadorov.
2:12 of 1st period - Goal by Nikita Zadorov - Oilers : 0 - Isle of Yeasty Beavers : 1.
2:13 of 1st period - Ryan Nugent-Hopkins wins face-off versus Anthony Cirelli in neutral zone.
2:26 of 1st period - Shot by Ryan Nugent-Hopkins.
2:26 of 1st period - Shot Misses the Net.
2:28 of 1st period - Shot by Kris Letang.
2:28 of 1st period - Shot Blocked by Quinn Hughes.
2:30 of 1st period - Shot by David Savard.
2:30 of 1st period - Stopped by Lukas Dostal without a rebound.
2:31 of 1st period - Robert Thomas wins face-off versus Logan Cooley in Isle of Yeasty Beavers zone.
2:32 of 1st period - Shot by Ridly Greig.
2:32 of 1st period - Stopped by Lukas Dostal with a rebound.
3:46 of 1st period - Shot by Anthony Cirelli.
3:46 of 1st period - Stopped by John Gibson with a rebound.
3:48 of 1st period - Shot by Nikita Zadorov.
3:48 of 1st period - Stopped by John Gibson with a rebound.
4:38 of 1st period - Shot by Tage Thompson.
4:38 of 1st period - Stopped by John Gibson without a rebound.
4:39 of 1st period - Connor McDavid wins face-off versus Leon Draisaitl in Oilers zone.
4:43 of 1st period - Connor McDavid is hit by Colton Parayko and loses puck.
5:21 of 1st period - Kyle Connor is hit by Colton Parayko and loses puck.
5:52 of 1st period - Shot by Aliaksei Protas.
5:52 of 1st period - Stopped by John Gibson with a rebound.
5:54 of 1st period - Shot by MacKenzie Weegar.
5:54 of 1st period - Shot Blocked by David Savard.
6:28 of 1st period - Connor Bedard is hit by Jordan Spence and loses puck.
6:46 of 1st period - Cale Makar is hit by Quinn Hughes and loses puck.
7:04 of 1st period - Off-side.
7:05 of 1st period - Leon Draisaitl wins face-off versus Logan Cooley in neutral zone.
7:14 of 1st period - Shot by Logan Cooley.
7:14 of 1st period - Shot Misses the Net.
8:46 of 1st period - Shot by Brad Marchand.
8:46 of 1st period - Stopped by John Gibson with a rebound.
8:51 of 1st period - Icing by Robert Thomas.
8:52 of 1st period - Connor McDavid wins face-off versus Robert Thomas in Oilers zone.
8:52 of 1st period - Connor McDavid is hit by Darnell Nurse.
9:09 of 1st period - Kyle Connor is hit by Noah Juulsen and loses puck.
9:27 of 1st period - Icing by Ridly Greig.
9:28 of 1st period - Alex Debrincat wins face-off versus Robert Thomas in Oilers zone.
9:28 of 1st period - Quinn Hughes is hit by Darnell Nurse and loses puck.
9:54 of 1st period - Icing by David Savard.
9:55 of 1st period - Matt Duchene wins face-off versus Leon Draisaitl in Oilers zone.
10:00 of 1st period - Shot by Aliaksei Protas.
10:00 of 1st period - Shot Blocked by David Savard.
12:11 of 1st period - Shot by Leon Draisaitl.
12:11 of 1st period - Stopped by Lukas Dostal with a rebound.
13:37 of 1st period - Shot by Ryan Nugent-Hopkins.
13:37 of 1st period - Stopped by Lukas Dostal without a rebound.
13:38 of 1st period - Tage Thompson wins face-off versus Kent Johnson in Isle of Yeasty Beavers zone.
13:40 of 1st period - Icing by Brad Marchand.
13:41 of 1st period - Ryan Nugent-Hopkins wins face-off versus Alex Debrincat in Isle of Yeasty Beavers zone.
13:41 of 1st period - Ryan Nugent-Hopkins is hit by Nikita Zadorov.
14:18 of 1st period - Ryan Nugent-Hopkins is hit by Nikita Zadorov and loses puck.
14:22 of 1st period - Icing by MacKenzie Weegar.
14:23 of 1st period - Leon Draisaitl wins face-off versus Tage Thompson in Isle of Yeasty Beavers zone.
14:23 of 1st period - Mikko Rantanen is hit by Nikita Zadorov and loses puck.
14:27 of 1st period - Minor Penalty to Nikita Zadorov for Roughing.
14:28 of 1st period - Leon Draisaitl wins face-off versus Matt Duchene in Isle of Yeasty Beavers zone.
15:28 of 1st period - Icing by Cale Makar.
15:29 of 1st period - Anthony Cirelli wins face-off versus Artturi Lehkonen in Oilers zone.
15:48 of 1st period - Shot by Cale Makar.
15:48 of 1st period - Stopped by Lukas Dostal without a rebound.
15:49 of 1st period - Matt Duchene wins face-off versus Leon Draisaitl in Isle of Yeasty Beavers zone.
16:42 of 1st period - Off-side.
16:43 of 1st period - Matt Duchene wins face-off versus Robert Thomas in neutral zone.
16:51 of 1st period - Icing by Ridly Greig.
16:52 of 1st period - Robert Thomas wins face-off versus Tage Thompson in Oilers zone.
17:13 of 1st period - Icing by Cale Makar.
17:14 of 1st period - Logan Cooley wins face-off versus Robert Thomas in Oilers zone.
18:13 of 1st period - Icing by Anthony Cirelli.
18:14 of 1st period - Matt Duchene wins face-off versus Leon Draisaitl in Isle of Yeasty Beavers zone.
18:18 of 1st period - Aliaksei Protas is hit by Mikko Rantanen.
19:20 of 1st period - Shot by Connor Bedard.
19:20 of 1st period - Deflect By Artturi Lehkonen.
19:20 of 1st period - Shot Misses the Net.
19:29 of 1st period - Alex Debrincat is hit by Ryan Nugent-Hopkins and loses puck.
19:38 of 1st period - Shot by Ryan Nugent-Hopkins.
19:38 of 1st period - Stopped by Lukas Dostal without a rebound.
19:39 of 1st period - Robert Thomas wins face-off versus Logan Cooley in Isle of Yeasty Beavers zone.
19:44 of 1st period - Shot by Robert Thomas.
19:44 of 1st period - Shot Misses the Net.
Goals for this period are 0 for Oilers vs 1 for Isle of Yeasty Beavers.
Shots for this period are 7 for Oilers vs 8 for Isle of Yeasty Beavers.

2nd period


0:01 of 2nd period - Robert Thomas wins face-off versus Connor McDavid in neutral zone.
1:05 of 2nd period - Rasmus Dahlin is hit by Mikko Rantanen and loses puck.
1:18 of 2nd period - Shot by Kent Johnson.
1:18 of 2nd period - Deflect By Mikko Rantanen.
1:18 of 2nd period - Stopped by Lukas Dostal with a rebound.
1:24 of 2nd period - Shot by Mikko Rantanen.
1:24 of 2nd period - Shot Misses the Net.
1:26 of 2nd period - Shot by Leon Draisaitl.
1:26 of 2nd period - Stopped by Lukas Dostal without a rebound.
1:27 of 2nd period - Ryan Nugent-Hopkins wins face-off versus Aliaksei Protas in Isle of Yeasty Beavers zone.
1:41 of 2nd period - Minor Penalty to Quinn Hughes for Tripping.
1:42 of 2nd period - Leon Draisaitl wins face-off versus Connor McDavid in Isle of Yeasty Beavers zone.
1:44 of 2nd period - Manson Gluehead is hit by Alex Vlasic and loses puck.
3:22 of 2nd period - Rasmus Dahlin is hit by Kent Johnson and loses puck.
3:37 of 2nd period - Kyle Connor is hit by Manson Gluehead and loses puck.
3:45 of 2nd period - Quinn Hughes is hit by Kris Letang and loses puck.
4:01 of 2nd period - Minor Penalty to Tomas Hertl for Holding.
4:02 of 2nd period - Robert Thomas wins face-off versus Tage Thompson in Oilers zone.
4:28 of 2nd period - Shot by Alex Debrincat.
4:28 of 2nd period - Stopped by John Gibson without a rebound.
4:29 of 2nd period - Connor McDavid wins face-off versus Ryan Nugent-Hopkins in Oilers zone.
4:31 of 2nd period - Kyle Connor is hit by Noah Juulsen and loses puck.
5:48 of 2nd period - Shot by Nikita Zadorov.
5:48 of 2nd period - Shot Blocked by Manson Gluehead.
5:50 of 2nd period - Shot by Nikita Zadorov.
5:50 of 2nd period - Deflect By Tage Thompson.
5:50 of 2nd period - Shot Misses the Net.
6:17 of 2nd period - Cale Makar is hit by Anthony Cirelli and loses puck.
6:23 of 2nd period - Minor Penalty to Cale Makar for Hooking.
6:24 of 2nd period - Connor McDavid wins face-off versus Ryan Nugent-Hopkins in Oilers zone.
6:28 of 2nd period - Connor McDavid is hit by Noah Juulsen and loses puck.
7:02 of 2nd period - Noah Juulsen is hit by Tage Thompson and loses puck.
7:12 of 2nd period - Icing by MacKenzie Weegar.
7:13 of 2nd period - Tage Thompson wins face-off versus Robert Thomas in Isle of Yeasty Beavers zone.
7:33 of 2nd period - Shot by Tage Thompson.
7:33 of 2nd period - Stopped by John Gibson with a rebound.
7:35 of 2nd period - Shot by Nikita Zadorov.
7:35 of 2nd period - Shot Misses the Net.
7:37 of 2nd period - Shot by Nikita Zadorov.
7:37 of 2nd period - Shot Blocked by Darnell Nurse.
7:51 of 2nd period - Shot by Connor McDavid.
7:51 of 2nd period - Shot Misses the Net.
8:01 of 2nd period - Shot by David Pastrnak.
8:01 of 2nd period - Shot Blocked by David Savard.
8:23 of 2nd period - Ridly Greig is hit by Matt Duchene and loses puck.
8:36 of 2nd period - Shot by Matt Duchene.
8:36 of 2nd period - Stopped by John Gibson with a rebound.
9:10 of 2nd period - Icing by Simon Benoit.
9:11 of 2nd period - Leon Draisaitl wins face-off versus Tage Thompson in Oilers zone.
9:23 of 2nd period - Minor Penalty to Simon Benoit for Tripping.
9:24 of 2nd period - Tage Thompson wins face-off versus Ryan Nugent-Hopkins in Oilers zone.
9:43 of 2nd period - Shot by MacKenzie Weegar.
9:43 of 2nd period - Stopped by John Gibson without a rebound.
9:44 of 2nd period - Robert Thomas wins face-off versus Connor McDavid in Oilers zone.
9:59 of 2nd period - Shot by Connor McDavid.
9:59 of 2nd period - Stopped by John Gibson without a rebound.
10:00 of 2nd period - Tage Thompson wins face-off versus Robert Thomas in Oilers zone.
10:07 of 2nd period - Shot by Alex Debrincat.
10:07 of 2nd period - Stopped by John Gibson without a rebound.
10:08 of 2nd period - Robert Thomas wins face-off versus Connor McDavid in Oilers zone.
10:18 of 2nd period - David Pastrnak is hit by Colton Parayko and loses puck.
10:23 of 2nd period - Shot by Connor McDavid.
10:23 of 2nd period - Shot Misses the Net.
10:49 of 2nd period - Shot by Alex Vlasic.
10:49 of 2nd period - Shot Misses the Net.
10:51 of 2nd period - Shot by Alex Vlasic.
10:51 of 2nd period - Shot Misses the Net.
11:30 of 2nd period - Quinn Hughes is hit by Cale Makar and loses puck.
11:40 of 2nd period - Icing by Cale Makar.
11:41 of 2nd period - Matt Duchene wins face-off versus Mikko Rantanen in Oilers zone.
11:41 of 2nd period - MacKenzie Weegar is hit by Colton Parayko and loses puck.
11:45 of 2nd period - Double Minor Penalty to Cale Makar for Roughing.
11:46 of 2nd period - Robert Thomas wins face-off versus Tage Thompson in Oilers zone.
12:05 of 2nd period - Shot by Robert Thomas.
12:05 of 2nd period - Shot Misses the Net.
12:25 of 2nd period - Icing by Brad Marchand.
12:26 of 2nd period - Tage Thompson wins face-off versus Robert Thomas in Isle of Yeasty Beavers zone.
12:59 of 2nd period - Shot by Kyle Connor.
12:59 of 2nd period - Shot Misses the Net.
13:06 of 2nd period - Icing by Alex Vlasic.
13:07 of 2nd period - Connor McDavid wins face-off versus Ryan Nugent-Hopkins in Isle of Yeasty Beavers zone.
13:13 of 2nd period - Shot by Ridly Greig.
13:13 of 2nd period - Deflect By Ryan Nugent-Hopkins.
13:13 of 2nd period - Shot Misses the Net.
13:19 of 2nd period - Shot by Ridly Greig.
13:19 of 2nd period - Stopped by Lukas Dostal without a rebound.
13:20 of 2nd period - Tage Thompson wins face-off versus Manson Gluehead in Isle of Yeasty Beavers zone.
14:30 of 2nd period - Icing by Alex Vlasic.
14:31 of 2nd period - Connor McDavid wins face-off versus Ryan Nugent-Hopkins in Isle of Yeasty Beavers zone.
14:40 of 2nd period - Shot by Ryan Nugent-Hopkins.
14:40 of 2nd period - Shot Misses the Net.
15:08 of 2nd period - Shot by MacKenzie Weegar.
15:08 of 2nd period - Shot Blocked by David Savard.
15:10 of 2nd period - Shot by MacKenzie Weegar.
15:10 of 2nd period - Stopped by John Gibson without a rebound.
15:11 of 2nd period - Tage Thompson wins face-off versus Robert Thomas in Oilers zone.
15:16 of 2nd period - Shot by Alex Debrincat.
15:16 of 2nd period - Stopped by John Gibson with a rebound.
15:18 of 2nd period - Shot by Nikita Zadorov.
15:18 of 2nd period - Stopped by John Gibson without a rebound.
15:19 of 2nd period - David Pastrnak wins face-off versus Robert Thomas in Oilers zone.
15:44 of 2nd period - Shot by Connor McDavid.
15:44 of 2nd period - Shot Blocked by Colton Parayko.
16:00 of 2nd period - Shot by Leon Draisaitl.
16:00 of 2nd period - Deflect By Mikko Rantanen.
16:00 of 2nd period - Shot Misses the Net.
16:02 of 2nd period - Shot by Cale Makar.
16:02 of 2nd period - Shot Misses the Net.
16:04 of 2nd period - Shot by Cale Makar.
16:04 of 2nd period - Shot Misses the Net.
16:16 of 2nd period - Mikko Rantanen is hit by Quinn Hughes and loses puck.
16:23 of 2nd period - Shot by Simon Benoit.
16:23 of 2nd period - Shot Misses the Net.
16:57 of 2nd period - Nikita Zadorov is hit by Connor Bedard and loses puck.
17:02 of 2nd period - Shot by Artturi Lehkonen.
17:02 of 2nd period - Stopped by Lukas Dostal with a rebound.
17:21 of 2nd period - Brad Marchand is hit by Manson Gluehead and loses puck.
17:38 of 2nd period - Shot by Manson Gluehead.
17:38 of 2nd period - Shot Misses the Net.
19:27 of 2nd period - Quinn Hughes is hit by Darnell Nurse and loses puck.
19:39 of 2nd period - Off-side.
19:40 of 2nd period - Connor McDavid wins face-off versus Robert Thomas in neutral zone.
Goals for this period are 0 for Oilers vs 0 for Isle of Yeasty Beavers.
Shots for this period are 4 for Oilers vs 9 for Isle of Yeasty Beavers.

3rd period


0:01 of 3rd period - Robert Thomas wins face-off versus Connor McDavid in neutral zone.
0:03 of 3rd period - Off-side.
0:04 of 3rd period - Robert Thomas wins face-off versus David Pastrnak in neutral zone.
1:22 of 3rd period - Shot by Brad Marchand.
1:22 of 3rd period - Stopped by John Gibson without a rebound.
1:23 of 3rd period - Ryan Nugent-Hopkins wins face-off versus Matt Duchene in Oilers zone.
1:55 of 3rd period - Shot by Artturi Lehkonen.
1:55 of 3rd period - Stopped by Lukas Dostal without a rebound.
1:56 of 3rd period - Tage Thompson wins face-off versus Leon Draisaitl in Isle of Yeasty Beavers zone.
2:03 of 3rd period - Shot by Leon Draisaitl.
2:03 of 3rd period - Shot Blocked by Brad Marchand.
2:09 of 3rd period - Shot by Leon Draisaitl.
2:09 of 3rd period - Stopped by Lukas Dostal without a rebound.
2:10 of 3rd period - Leon Draisaitl wins face-off versus Connor McDavid in Isle of Yeasty Beavers zone.
2:14 of 3rd period - Kent Johnson is hit by Nikita Zadorov and loses puck.
2:26 of 3rd period - Minor Penalty to Nikita Zadorov for Hooking.
2:27 of 3rd period - Connor McDavid wins face-off versus Robert Thomas in Isle of Yeasty Beavers zone.
2:27 of 3rd period - Connor McDavid is hit by Kent Johnson.
2:50 of 3rd period - Shot by Kent Johnson.
2:50 of 3rd period - Deflect By Artturi Lehkonen.
2:50 of 3rd period - Shot Misses the Net.
2:52 of 3rd period - Shot by Kris Letang.
2:52 of 3rd period - Shot Misses the Net.
2:54 of 3rd period - Shot by Artturi Lehkonen.
2:54 of 3rd period - Shot Blocked by Quinn Hughes.
2:56 of 3rd period - Shot by Kris Letang.
2:56 of 3rd period - Stopped by Lukas Dostal without a rebound.
2:57 of 3rd period - Leon Draisaitl wins face-off versus Kyle Connor in Isle of Yeasty Beavers zone.
3:13 of 3rd period - Mikko Rantanen is hit by Rasmus Dahlin and loses puck.
3:42 of 3rd period - Shot by Leon Draisaitl.
3:42 of 3rd period - Stopped by Lukas Dostal without a rebound.
3:43 of 3rd period - Connor McDavid wins face-off versus Robert Thomas in Isle of Yeasty Beavers zone.
3:43 of 3rd period - Connor McDavid is hit by Robert Thomas.
4:39 of 3rd period - Connor Bedard is hit by Jordan Spence and loses puck.
4:44 of 3rd period - Shot by Ryan Nugent-Hopkins.
4:44 of 3rd period - Stopped by Lukas Dostal with a rebound.
4:46 of 3rd period - Shot by Cale Makar.
4:46 of 3rd period - Stopped by Lukas Dostal with a rebound.
4:50 of 3rd period - Shot by Ryan Nugent-Hopkins.
4:50 of 3rd period - Goal by Ryan Nugent-Hopkins - Oilers : 1 - Isle of Yeasty Beavers : 1.
4:51 of 3rd period - Robert Thomas wins face-off versus Logan Cooley in neutral zone.
5:09 of 3rd period - Off-side.
5:10 of 3rd period - Tage Thompson wins face-off versus Kent Johnson in neutral zone.
5:10 of 3rd period - Brad Marchand is hit by Leon Draisaitl and loses puck.
5:21 of 3rd period - Icing by Darnell Nurse.
5:22 of 3rd period - Leon Draisaitl wins face-off versus David Pastrnak in Oilers zone.
5:22 of 3rd period - Leon Draisaitl is hit by Connor McDavid.
5:39 of 3rd period - Icing by MacKenzie Weegar.
5:40 of 3rd period - Connor McDavid wins face-off versus Robert Thomas in Isle of Yeasty Beavers zone.
5:50 of 3rd period - Off-side.
5:51 of 3rd period - Brad Marchand wins face-off versus Ryan Nugent-Hopkins in neutral zone.
6:29 of 3rd period - Shot by Alex Debrincat.
6:29 of 3rd period - Stopped by John Gibson without a rebound.
6:30 of 3rd period - Tomas Hertl wins face-off versus Connor McDavid in Oilers zone.
6:43 of 3rd period - Shot by Kyle Connor.
6:43 of 3rd period - Shot Misses the Net.
8:02 of 3rd period - Shot by Leon Draisaitl.
8:02 of 3rd period - Shot Misses the Net.
8:06 of 3rd period - Shot by Mikko Rantanen.
8:06 of 3rd period - Shot Misses the Net.
8:08 of 3rd period - Shot by Leon Draisaitl.
8:08 of 3rd period - Shot Misses the Net.
8:32 of 3rd period - Shot by Connor Bedard.
8:32 of 3rd period - Stopped by Lukas Dostal with a rebound.
8:34 of 3rd period - Shot by David Savard.
8:34 of 3rd period - Stopped by Lukas Dostal with a rebound.
8:36 of 3rd period - Shot by Kris Letang.
8:36 of 3rd period - Stopped by Lukas Dostal without a rebound.
8:37 of 3rd period - Ryan Nugent-Hopkins wins face-off versus Tage Thompson in Isle of Yeasty Beavers zone.
8:38 of 3rd period - Shot by Artturi Lehkonen.
8:38 of 3rd period - Goal by Artturi Lehkonen - Oilers : 2 - Isle of Yeasty Beavers : 1.
8:39 of 3rd period - Ryan Nugent-Hopkins wins face-off versus Alex Debrincat in neutral zone.
8:55 of 3rd period - Shot by Tage Thompson.
8:55 of 3rd period - Shot Misses the Net.
9:12 of 3rd period - Icing by Brad Marchand.
9:13 of 3rd period - Tage Thompson wins face-off versus Robert Thomas in Isle of Yeasty Beavers zone.
10:19 of 3rd period - Off-side.
10:20 of 3rd period - Leon Draisaitl wins face-off versus Aliaksei Protas in neutral zone.
10:25 of 3rd period - Shot by Leon Draisaitl.
10:25 of 3rd period - Stopped by Lukas Dostal without a rebound.
10:26 of 3rd period - Matt Duchene wins face-off versus Kent Johnson in Isle of Yeasty Beavers zone.
10:26 of 3rd period - Matt Duchene is hit by Mikko Rantanen.
10:43 of 3rd period - Shot by Matt Duchene.
10:43 of 3rd period - Shot Misses the Net.
11:05 of 3rd period - Shot by Leon Draisaitl.
11:05 of 3rd period - Shot Misses the Net.
11:07 of 3rd period - Shot by Kent Johnson.
11:07 of 3rd period - Stopped by Lukas Dostal without a rebound.
11:08 of 3rd period - Connor McDavid wins face-off versus Ryan Nugent-Hopkins in Isle of Yeasty Beavers zone.
11:08 of 3rd period - Connor McDavid is hit by Connor Bedard.
11:11 of 3rd period - MacKenzie Weegar is hit by Connor Bedard and loses puck.
12:33 of 3rd period - Minor Penalty to Cale Makar for Tripping.
12:34 of 3rd period - Tage Thompson wins face-off versus Robert Thomas in Oilers zone.
13:07 of 3rd period - Shot by Alex Debrincat.
13:07 of 3rd period - Shot Misses the Net.
13:11 of 3rd period - Shot by Alex Vlasic.
13:11 of 3rd period - Stopped by John Gibson with a rebound.
13:26 of 3rd period - Icing by Nikita Zadorov.
13:27 of 3rd period - Connor McDavid wins face-off versus Ryan Nugent-Hopkins in Isle of Yeasty Beavers zone.
13:32 of 3rd period - Shot by Kyle Connor.
13:32 of 3rd period - Goal by Kyle Connor - Oilers : 2 - Isle of Yeasty Beavers : 2.
13:33 of 3rd period - Matt Duchene wins face-off versus Kent Johnson in neutral zone.
14:14 of 3rd period - Shot by Mikko Rantanen.
14:14 of 3rd period - Shot Blocked by Jordan Spence.
14:58 of 3rd period - Alex Vlasic is hit by Connor Bedard and loses puck.
15:13 of 3rd period - Shot by Manson Gluehead.
15:13 of 3rd period - Goal by Manson Gluehead - Oilers : 3 - Isle of Yeasty Beavers : 2.
15:14 of 3rd period - Logan Cooley wins face-off versus Robert Thomas in neutral zone.
15:56 of 3rd period - Shot by Logan Cooley.
15:56 of 3rd period - Stopped by John Gibson without a rebound.
15:57 of 3rd period - Matt Duchene wins face-off versus Kent Johnson in Oilers zone.
17:03 of 3rd period - Shot by Connor Bedard.
17:03 of 3rd period - Deflect By Ryan Nugent-Hopkins.
17:03 of 3rd period - Stopped by Lukas Dostal without a rebound.
17:04 of 3rd period - Manson Gluehead wins face-off versus Logan Cooley in Isle of Yeasty Beavers zone.
18:06 of 3rd period - Ryan Nugent-Hopkins is hit by Nikita Zadorov and loses puck.
18:30 of 3rd period - Isle of Yeasty Beavers, Lukas Dostal is pulled from the net.
18:36 of 3rd period - Shot by Brad Marchand.
18:36 of 3rd period - Shot Misses the Net.
18:50 of 3rd period - Shot by Kyle Connor.
18:50 of 3rd period - Stopped by John Gibson with a rebound.
18:52 of 3rd period - Shot by Jordan Spence.
18:52 of 3rd period - Stopped by John Gibson with a rebound.
18:54 of 3rd period - Shot by Quinn Hughes.
18:54 of 3rd period - Stopped by John Gibson without a rebound.
18:55 of 3rd period - Leon Draisaitl wins face-off versus Matt Duchene in Oilers zone.
19:01 of 3rd period - Leon Draisaitl is hit by Rasmus Dahlin and loses puck.
Goals for this period are 3 for Oilers vs 1 for Isle of Yeasty Beavers.
Shots for this period are 15 for Oilers vs 8 for Isle of Yeasty Beavers.